 Dungeon Crawl Stone Soup version 0.22.1-1-ga44c0e5 (webtiles) character file.

685541 Torikoriko the Conqueror (level 25, -7/364 HPs)
             Began as an Ogre Transmuter on Nov 3, 2018.
             Was the Champion of Ru.
             Mangled by an Orb Guardian (47 damage)
             ... on level 5 of the Realm of Zot.
             The game lasted 06:55:51 (99161 turns).

Torikoriko the Conqueror (Ogre Transmuter)         Turns: 99161, Time: 06:55:51

Health: -7/364     AC: 22    Str: 31    XL:     25
Magic:  32/45      EV: 15    Int: 20    God:    Ru [******]
Gold:   8336       SH:  0    Dex: 11    Spells: 13/52 levels left

rFire    + + .     SeeInvis .     - Unarmed
rCold    x . .     Gourm    .   (shield currently unavailable)
rNeg     . . .     Faith    .   (armour currently unavailable)
rPois    +         Spirit   .   (helmet currently unavailable)
rElec    +         Reflect  .   (cloak currently unavailable)
rCorr    .         Harm     .   (gloves unavailable)
MR       ++...                  (boots unavailable)
Stlth    ++........             Z - amulet of regeneration
HPRegen  0.00/turn              R - ring of Voiwikee {+Inv MP+9 Int+4 Slay+6 Stlth+}
MPRegen  0.29/turn              i - ring "Cedauczuff" {rElec AC+6}

@: exhausted, about to teleport, dragon-form, berserk cooldown, flying, slowed,
studying Throwing, drained, very slow
A: giant, unfitting armour, blurry vision 2, clumsy 1, dopey 1, frail 2, low mp
1, inhibited regeneration, no potion heal 2, inability to use devices, hated by
all, inexperienced 1
}: 3/15 runes: serpentine, barnacled, abyssal
a: End Transformation, Draw Out Power, Power Leap, Apocalypse, Renounce
Religion, Breathe Fire


You were on level 5 of the Realm of Zot.
You worshipped Ru.
Ru was exalted by your worship.
You were very hungry.
You were a fearsome dragon!
You visited 10 branches of the dungeon, and saw 49 of its levels.
You visited the Abyss 9 times.
You visited 1 bazaar.
You also visited: Trove, Bailey, Ice Cave and Volcano.

You collected 8927 gold pieces.
You spent 591 gold pieces at shops.

Inventory:

Hand Weapons
 u - a +2 blowgun
Missiles
 f - 5 curare-tipped needles {!f}
 v - 9 throwing nets {!f}
 C - 176 large rocks (quivered)
Armour
 k - the +2 robe of the Land of Plenty (melded) {+Fly rN++ MR+ Str+4}
   (You found it on level 3 of the Elven Halls)

   It affects your strength (+4).
   It greatly protects you from negative energy.
   It affects your resistance to hostile enchantments.
   It lets you fly.
 B - a +2 cloak of poison resistance (melded)
 F - a scarf of cloud immunity
 Q - the +2 hat of Ygifaojy (melded) {rElec rC++ rCorr Int-4}
   (You found it in an ice cave)

   It affects your intelligence (-4).
   It greatly protects you from cold.
   It insulates you from electricity.
   It provides partial protection from all sources of acid and corrosion.
Jewellery
 e - an uncursed amulet of the acrobat
 i - the ring "Cedauczuff" (right foreclaw) {rElec AC+6}
   (You took it off an orc warrior on level 8 of the Dungeon)

   [ring of protection]

   It affects your AC (+6).
   It insulates you from electricity.
 K - the ring "Quuxut" {rN+ Str+3 Int+2 Dex+2}
   (You acquired it on level 5 of the Realm of Zot)

   [ring of dexterity]

   It affects your strength (+3).
   It affects your intelligence (+2).
   It affects your dexterity (+2).
   It protects you from negative energy.
 R - the ring of Voiwikee (left foreclaw) {+Inv MP+9 Int+4 Slay+6 Stlth+}
   (You found it in a treasure trove)

   [ring of intelligence]

   It affects your intelligence (+4).
   It affects your accuracy and damage with ranged weapons and melee attacks
   (+6).
   It affects your magic capacity (+9).
   It lets you turn invisible.
   It makes you more stealthy.
 S - the ring of Descent {*Drain rPois Str+3 Int+5 Dex+3}
   (You found it in a treasure trove)

   [ring of poison resistance]

   It affects your strength (+3).
   It affects your intelligence (+5).
   It affects your dexterity (+3).
   It protects you from poison.
   It causes draining when unequipped.
 T - the ring "Duusch" {+Inv rF+ SInv}
   (You found it in a treasure trove)

   [ring of see invisible]

   It protects you from fire.
   It lets you see invisible.
   It lets you turn invisible.
 U - an uncursed ring of protection from magic
 W - the ring of Robustness {AC+8}
   (You found it on level 13 of the Dungeon)

   [ring of protection]

   It affects your AC (+8).
 Z - an amulet of regeneration (around neck)
Scrolls
 a - 2 scrolls of enchant armour
 n - 7 scrolls of fear
 o - a scroll of torment
 q - 6 scrolls of immolation
 r - 16 scrolls of teleportation
 w - a scroll of amnesia
 y - 6 scrolls of enchant weapon
 A - 40 scrolls of remove curse
 D - 13 scrolls of fog
 H - 25 scrolls of identify
 I - 7 scrolls of magic mapping
 J - 6 scrolls of blinking
Potions
 b - 6 potions of agility
 c - 12 potions of curing
 g - 8 potions of mutation
 h - 12 potions of brilliance
 j - 6 potions of cancellation
 l - 6 potions of resistance
 m - 11 potions of haste
 s - 7 potions of flight
 t - 8 potions of lignification
 x - 5 potions of heal wounds
 z - 7 potions of magic
 E - 6 potions of berserk rage
 G - 11 potions of might
 O - 5 potions of invisibility
 X - a potion of ambrosia
Books
 p - a manual of Throwing
Comestibles
 d - 60 rations


   Skills:
 O Level 27(25.1) Fighting
 + Level 23.4(21.6) Dodging
 O Level 27(25.1) Unarmed Combat
 - Level 14.0(12.5) Spellcasting
 - Level 1.0(0.0) Conjurations
 - Level 3.0(1.9) Translocations
 - Level 18.0(16.4) Transmutations
 - Level 4.0(2.8) Ice Magic
 - Level 1.0(0.0) Air Magic
 - Level 6.0(4.8) Poison Magic


You had 13 spell levels left.
You knew the following spells:

 Your Spells              Type           Power        Failure   Level  Hunger
a - Blink                 Tloc           N/A          3%          2    None
b - Mephitic Cloud        Conj/Pois/Air  ###.....     9%          3    None
c - Spider Form           Tmut/Pois      ######....   1%          3    None
d - Ice Form              Ice/Tmut       ######..     1%          4    None
e - Blade Hands           Tmut           ######....   1%          5    ####...
f - Olgreb's Toxic Radia  Pois           ####....     8%          4    None
g - Dragon Form           Tmut           ######....   5%          7    #######
h - Apportation           Tloc           ###...       2%          1    None
i - Lesser Beckoning      Tloc           ###.......   8%          3    None
j - Passwall              Tmut/Erth      #####...     1%          2    None
k - Swiftness             Chrm/Air       ##......     9%          2    None
l - Ozocubu's Armour      Chrm/Ice       ###.....     9%          3    None

Your spell library contained the following spells:

 Spells                   Type           Power        Failure   Level  Hunger
 Beastly Appendage        Tmut           ######       0%          1    None
 Sticks to Snakes         Tmut           ######..     0%          2    None
 Freeze                   Ice            ###.         1%          1    None
 Ignite Poison            Fire/Tmut/Pois #####...     1%          3    None
 Petrify                  Tmut/Erth      #####...     1%          4    None
 Alistair's Intoxication  Tmut/Pois      ######..     1%          5    ####...
 Poisonous Vapours        Pois/Air       ###...       3%          2    None
 Ensorcelled Hibernation  Hex/Ice        ###...       4%          2    None
 Throw Frost              Conj/Ice       ###...       4%          2    None
 Irradiate                Conj/Tmut      #####.....   4%          5    ####...
 Corona                   Hex            ##.....      5%          1    None
 Magic Dart               Conj           ##..         5%          1    None
 Sandblast                Erth           ##....       5%          1    None
 Shock                    Conj/Air       ##..         5%          1    None
 Slow                     Hex            ##......     9%          2    None
 Confuse                  Hex            ##......     16%         3    None
 Conjure Flame            Conj/Fire      ##......     16%         3    None
 Dazzling Spray           Conj/Hex       ##....       16%         3    None
 Static Discharge         Conj/Air       ##......     16%         3    None
 Stone Arrow              Conj/Erth      ##....       16%         3    None
 Tukima's Dance           Hex            ##......     16%         3    None
 Throw Icicle             Conj/Ice       ###.....     30%         4    None
 Airstrike                Air            ##........   47%         4    None
 Venom Bolt               Conj/Pois      ###.......   50%         5    ####...
 Metabolic Englaciation   Hex/Ice        ###.......   63%         5    ####...
 Aura of Abjuration       Summ           ##........   83%         5    ####...
 Bolt of Magma            Conj/Fire/Erth ##........   83%         5    ####...
 Borgnjor's Vile Clutch   Necr/Erth      ##........   83%         5    ####...
 Fireball                 Conj/Fire      ##........   83%         5    ####...
 Iskenderun's Battlesphe  Conj/Chrm      ##......     83%         5    ####...
 Lee's Rapid Deconstruct  Erth           ##........   83%         5    ####...
 Lightning Bolt           Conj/Air       ##........   83%         5    ####...
 Silence                  Hex/Air        ##........   83%         5    ####...
 Ozocubu's Refrigeration  Ice            ###.......   95%         6    #####..
 Bolt of Cold             Conj/Ice       ###.......   99%         6    #####..
 Freezing Cloud           Conj/Ice/Air   ###.......   99%         6    #####..
 Bolt of Fire             Conj/Fire      ##........   100%        6    #####..
 Conjure Ball Lightning   Conj/Air       ##........   100%        6    #####..
 Darkness                 Hex            ##........   100%        6    #####..
 Deflect Missiles         Chrm/Air       ##........   100%        6    #####..
 Invisibility             Hex            ##......     100%        6    #####..
 Iron Shot                Conj/Erth      ##........   100%        6    #####..
 Orb of Destruction       Conj           ##........   100%        7    #######
 Ring of Flames           Chrm/Fire      ##........   100%        7    #######
 Discord                  Hex            ##........   100%        8    #######
 Ignition                 Fire           ##........   100%        8    #######
 Shatter                  Erth           ##........   100%        9    #######
 Tornado                  Air            ##........   100%        9    #######
 Summon Butterflies       Summ           Unusable     N/A         1    N/A
 Summon Small Mammal      Summ           Unusable     N/A         1    N/A
 Call Imp                 Summ           Unusable     N/A         2    N/A
 Recall                   Summ/Tloc      Unusable     N/A         3    N/A
 Call Canine Familiar     Summ           Unusable     N/A         3    N/A
 Summon Guardian Golem    Hex/Summ       Unusable     N/A         3    N/A
 Summon Ice Beast         Ice/Summ       Unusable     N/A         4    N/A
 Animate Dead             Necr           Unusable     N/A         4    N/A
 Summon Lightning Spire   Summ/Air       Unusable     N/A         4    N/A
 Simulacrum               Ice/Necr       Unusable     N/A         6    N/A
 Death Channel            Necr           Unusable     N/A         6    N/A
 Shadow Creatures         Summ           Unusable     N/A         6    N/A
 Spellforged Servitor     Conj/Summ      Unusable     N/A         7    N/A

Dungeon Overview and Level Annotations

Branches:
Dungeon (15/15)            Temple (1/1) D:7            Lair (6/6) D:11
 Shoals (4/4) Lair:4        Snake (4/4) Lair:4        Slime (0/5) Lair:6
    Orc (2/2) D:10            Elf (3/3) Orc:2        Vaults (4/5) D:14
  Crypt (0/3) Vaults:2     Depths (5/5) D:15            Zot (5/5) Depths:5

Altars:
Ashenzari
Cheibriados
Dithmenos
Elyvilon
Fedhas
Gozag
Hepliaklqana
Kikubaaqudgha
Makhleb
Nemelex Xobeh
Okawaru
Qazlal
Ru
Sif Muna
Trog
Uskayaw
Vehumet
Wu Jian
Xom
Yredelemnul
Zin
The Shining One
Beogh
Jiyva

Shops:
D:4 [   D:13 %   Orc:1 *[   Orc:2 **%*}   Elf:2 %   Elf:3 =[=   Depths:1 =}}
Depths:2 *

Portals:
Hell: Depths:1 Depths:2 Depths:3 Depths:4 Depths:5
Abyss: Depths:4 Depths:5
Pandemonium: Depths:3 Depths:4 Depths:5
Ziggurat: Depths:5


Innate Abilities, Weirdness & Mutations

You are too large for most types of armour.
You do not regenerate when monsters are visible.
((You have tough skin. (AC +1)))
Potions are poor at restoring your health.
You cannot study or use magical devices.
You are hated by all.
You are somewhat inexperienced. (-2 XL)
Scrolls take you longer to read.
You are clumsy. (Dex -2)
You are dopey. (Int -2)
You are very frail. (-20% HP)
Your magical capacity is low. (-10% MP)


Message History

As you read the scroll of teleportation, it crumbles to dust.
You feel strangely unstable.
You feel the Orb delaying your translocation!
Your system partially rejects the healing.
You feel much better.
The orb of fire glows bright magenta.
Strange energies course through your body.
You feel frail.
A poisoned needle hits the electric golem!
The orb of fire emits a lurid red light.
Strange energies course through your body.
You feel frail.
Your system partially rejects the healing.
You feel much better.
The Orb Guardian is no longer paralysed.
The Killer Klown is no longer paralysed.
The Orb Guardian hits you!
* * * LOW HITPOINT WARNING * * *
The Orb Guardian hits you!!!
You die...

.........
........
▓▓.....##▓
▓▓.)†......
▓▓..p)......
▓▓..).D......
▓..dz.*......
▓...)X^....[.
▓▓..D8.......
▓▓...p......
▓▓..*......
..........
...........
...........
............
▓..........


You could see 2 orbs of fire, 2 Killer Klowns, an electric golem, a storm dragon
(paralysed), a green draconian (paralysed), a death cob (paralysed) and an Orb
Guardian (berserk).

Vanquished Creatures
  2 orbs of fire
  Mennas (Vaults:3)
  5 juggernauts
  Sojobo (Depths:5)
  An ancient lich (Zot:2)
  Boris (Vaults:3)
  Vashnia (Snake:2)
  3 curse toes
  13 caustic shrikes
  2 Killer Klowns
  Nikola (Snake:2)
  10 golden dragons
  5 bone dragons
  9 Orb Guardians (Zot:5)
  Rupert (D:14)
  14 tentacled monstrosities
  3 hellephants
  10 liches
  3 deep elf blademasters (Elf:3)
  7 quicksilver dragons
  5 deep elf master archers (Elf:3)
  4 titans
  An ancient champion (Vaults:2)
  8 death cobs
  Polyphemus (Shoals:2)
  4 sphinxes
  16 tentacled starspawn
  11 shadow dragons
  13 storm dragons
  A tengu reaver (Depths:5)
  Kirke (Snake:3)
  The ghost of Obawnol the Fencer, an adept DrGl of Okawaru (Snake:2)
  7 draconian monks
  14 fire giants
  An orc warlord (D:10)
  7 draconian knights
  3 balrugs
  2 ghost moths
  7 deep elf sorcerers
  6 nagarajas
  A cacodemon (Abyss:2)
  3 draconian shifters
  Louise (Shoals:3)
  5 iron dragons
  6 vault wardens
  22 frost giants
  A ghoul (Vaults:2)
  2 draconian scorchers
  3 angels
  5 deep elf elementalists
  2 ophanim (Abyss:3)
  15 very ugly things
  4 spriggan defenders
  28 stone giants
  2 war gargoyles
  3 draconian stormcallers
  5 draconian annihilators
  10 ironheart preservers
  4 vampire knights
  An entropy weaver (Vaults:4)
  6 deep elf demonologists
  The ghost of Monsterracer the Basher, a journeyman DgSk (D:9)
  8 black draconians
  A lorocyproca (Abyss:1)
  10 green draconians
  11 spark wasps
  5 yellow draconians
  A dire elephant (Abyss:1)
  7 red draconians
  7 white draconians
  8 purple draconians
  2 merfolk javelineers
  11 deep elf annihilators
  An ettin (shapeshifter) (Depths:5)
  An eidolon (Abyss:2)
  3 green deaths
  5 blizzard demons
  21 ettins
  9 deep elf death magi
  2 crystal guardians
  5 merfolk impalers
  20 fire dragons
  Josephine (Shoals:1)
  The ghost of yogakurto the Fighter, a journeyman OgBe of Trog (D:11)
  14 yaktaur captains
  3 deep elf high priests
  Harold (Orc:1)
  9 rakshasas
  20 ice dragons
  15 great orbs of eyes
  16 naga warriors
  2 merfolk avatars
  The ghost of whitenoisemaker the Cleaver, a journeyman DrMo of Zin (D:10)
  2 catoblepae
  7 hydras
  6 anacondas
  3 vault guards (Vaults:1)
  2 death knights
  3 alligator snapping turtles
  15 centaur warriors
  A spriggan air mage (Depths:3)
  4 death yaks (Shoals:2)
  The ghost of SaintRoka the Carver, a journeyman TeGl of Okawaru (D:11)
  52 two-headed ogres
  The ghost of Lauz the Carver, a novice MiBe of Trog (D:9)
  15 deep troll earth magi
  14 ogre magi
  13 deep troll shamans
  4 merfolk aquamancers
  25 dancing weapons
  2 satyrs
  10 tengu warriors
  3 vampire magi
  3 orc high priests (Orc:2)
  3 spriggans
  5 shock serpents
  The ghost of Zebedee the Slinger, a journeyman SpHu of Gozag (D:11)
  2 hell hogs (Abyss:1)
  18 naga sharpshooters
  Urug (Lair:2)
  26 thrashing horrors
  Sonja (Lair:2)
  8 spriggan berserkers
  A soul eater (Abyss:3)
  A sun demon (Abyss:4)
  14 wretched stars
  23 deep elf knights
  8 hell knights
  A fire crab (shapeshifter) (Vaults:3)
  2 iron trolls
  4 shadow wraiths
  4 salamander mystics
  The ghost of Curus the Cleaver, a novice HOAK of Lugonu (D:9)
  2 cherubim (Abyss:3)
  11 sixfirhies
  3 spatial maelstroms
  37 slime creatures
  A deep troll (shapeshifter) (Depths:3)
  6 glowing orange brains
  A golden dragon zombie (Depths:4)
  29 deep trolls
  4 sea snakes
  2 spark wasp zombies (D:15)
  87 starcursed masses
  A kraken simulacrum (Shoals:4)
  A death drake (shapeshifter) (Abyss:3)
  A torturous demonspawn (Depths:4)
  6 unseen horrors
  11 skeletal warriors
  7 flayed ghosts
  The ghost of trianova the Thaumaturge, a novice VSEn of Dithmenos (D:9)
  An infernal demonspawn (Depths:4)
  An anaconda skeleton (Volcano)
  4 phantasmal warriors
  24 deep elf archers
  26 orc knights
  6 naga ritualists
  14 ironbrand convokers
  14 harpies
  77 deep elf magi
  5 necromancers
  2 wolf spider zombies
  2 orb spiders
  6 mana vipers
  2 mana vipers (shapeshifter)
  6 wizards
  14 manticores
  A stone giant zombie (Abyss:3)
  8 orc sorcerers
  16 salamanders
  5 wolf spiders
  50 ugly things
  17 fauns
  8 worldbinders
  A salamander (shapeshifter) (Vaults:1)
  Maurice (D:8)
  14 cyclopes
  29 moths of wrath
  A cyclops (shapeshifter) (Vaults:1)
  A black mamba (shapeshifter) (Depths:2)
  3 guardian serpents
  A fire giant skeleton (Abyss:4)
  A frost giant skeleton (D:15)
  8 elephants
  6 water nymphs
  25 naga magi
  8 vault sentinels
  9 merfolk sirens
  2 apocalypse crabs
  28 black mambas
  An eye of devastation (Abyss:4)
  An ice statue (IceCv)
  An orange demon (Abyss:1)
  4 gargoyles
  23 spiny frogs
  18 smoke demons
  A stone giant skeleton (D:15)
  13 freezing wraiths
  7 rime drakes (Lair:5)
  A kobold demonologist (Abyss:2)
  38 yaktaurs
  A hellion (Abyss:2)
  8 komodo dragons
  A rime drake (shapeshifter) (Depths:1)
  A golden dragon simulacrum (Depths:4)
  2 tormentors
  11 ancient zymes
  A komodo dragon (shapeshifter) (Vaults:1)
  7 ice devils
  A demonic crawler (Abyss:1)
  2 efreet (Abyss:4)
  A red devil (Depths:4)
  8 hellwings
  4 anaconda simulacra (IceCv)
  4 tengu conjurers
  3 jumping spiders (shapeshifter)
  A silent spectre (Abyss:3)
  A meliai (shapeshifter) (Vaults:3)
  8 trolls
  A jumping spider (Vaults:4)
  2 polar bears
  A hornet (shapeshifter) (Vaults:2)
  4 guardian mummies (Depths:5)
  5 tyrant leeches (Lair:6)
  A tyrant leech (shapeshifter) (Depths:4)
  7 hornets
  22 merfolk
  A queen bee (D:9)
  8 wind drakes
  A hippogriff (shapeshifter) (D:15)
  31 blink frogs
  57 raiju
  5 dream sheep (Lair:4)
  A snapping turtle (shapeshifter) (Vaults:2)
  15 hippogriffs
  The ghost of niblik the Firebug, an amateur OpFE (D:5)
  14 water elementals
  8 snapping turtles
  2 air elementals
  A spriggan (shapeshifter) (Abyss:3)
  32 yaks
  An alligator skeleton (Volcano)
  A shadow (Abyss:3)
  53 large abominations
  11 flying skulls
  13 ynoxinuls
  8 wraiths
  2 fire elementals (Elf:1)
  4 hogs
  A yak (shapeshifter) (Vaults:4)
  A tarantella (shapeshifter) (Depths:1)
  A dire elephant simulacrum (IceCv)
  A fire bat (shapeshifter) (Depths:2)
  Eustachio (D:6)
  12 neqoxecs
  A death yak simulacrum (IceCv)
  9 wyverns
  A human (shapeshifter) (Vaults:2)
  4 golden eyes (Abyss:4)
  A basilisk (shapeshifter) (Abyss:4)
  8 basilisks
  2 hogs (shapeshifter)
  19 humans
  7 hungry ghosts
  13 vampire mosquitoes
  9 chaos spawn
  2 acid dragons
  2 harpy simulacra (IceCv)
  8 wargs
  3 spatial vortices
  3 hydra simulacra (IceCv)
  53 nagas
  2 soldier ants
  3 iron troll simulacra (IceCv)
  5 water moccasins
  4 floating eyes
  4 porcupines
  35 small abominations
  4 black bears
  2 floating eyes (shapeshifter)
  48 orc warriors
  2 swamp drakes
  2 ettin simulacra (IceCv)
  6 ice beasts
  3 phantoms
  2 sky beasts
  A black bear (shapeshifter) (Abyss:4)
  A sky beast (shapeshifter) (Vaults:3)
  3 eyes of draining
  2 black mamba simulacra (Abyss:4)
  9 boggarts
  45 ogres
  4 centaurs
  A centaur (shapeshifter) (Vaults:2)
  12 crocodiles
  7 big kobolds
  31 bullfrogs
  A glowing shapeshifter simulacrum (Depths:4)
  3 earth elementals
  A scorpion (D:8)
  An elephant simulacrum (IceCv)
  29 killer bees
  A troll skeleton (Volcano)
  A human simulacrum (Vaults:2)
  24 wights
  10 howler monkeys
  16 crimson imps
  5 centaur zombies
  3 draconian simulacra (IceCv)
  8 hounds
  12 quasits
  A bullfrog zombie (D:8)
  8 jellies
  40 orc wizards
  22 orc priests
  8 iron imps
  6 centaur skeletons
  12 human skeletons (Vaults:2)
  2 iguanas
  3 bullfrog skeletons
  A worker ant (shapeshifter) (Abyss:3)
  A spriggan simulacrum (IceCv)
  2 troll simulacra (IceCv)
  9 worker ants
  2 wolf simulacra (IceCv)
  A tengu zombie (Abyss:1)
  5 centaur simulacra
  2 naga skeletons (Volcano)
  A hound zombie (D:7)
  4 mummies (Depths:5)
  A howler monkey zombie (D:8)
  A worker ant zombie (D:7)
  6 gnolls
  A howler monkey skeleton (D:8)
  6 adders
  2 naga simulacra (IceCv)
  An ogre simulacrum (IceCv)
  5 shadow imps
  7 white imps
  6 ufetubi
  7 oozes
  An adder zombie (D:6)
  A worm (D:4)
  A dart slug (D:1)
  3 leopard geckos
  117 orcs
  A ball python (D:1)
  4 giant cockroaches
  12 goblins
  5 hobgoblins
  8 jackals
  3 quokkas
  3 bats
  4 frilled lizards
  35 kobolds
  2 leopard gecko skeletons
  A quokka skeleton (D:6)
  2 quokka zombies (D:8)
  7 rats
  4 lurking horrors
  A plant (Shoals:1)
  4 starspawn tentacles
  4 tentacles (Shoals:3)
2922 creatures vanquished.

Vanquished Creatures (collateral kills)
  A polar bear (Lair:4)
  A porcupine (Lair:4)
  A water moccasin (Lair:6)
  2 ogres (Orc:1)
  An orc priest (D:10)
  A gnoll (D:3)
  3 adders
  An orc (D:3)
  A hobgoblin (D:2)
  2 kobolds (D:3)
  A rat (D:3)
15 creatures vanquished.

Vanquished Creatures (others)
  A golden dragon (Depths:4)
  A kraken (Shoals:3)
  A storm dragon (Depths:4)
  A tengu reaver (Depths:5)
  A vampire knight (Depths:2)
  A yellow draconian (Zot:5)
  A merfolk javelineer (Shoals:4)
  A blizzard demon (IceCv)
  A rakshasa (Depths:2)
  An ice dragon (Depths:1)
  A two-headed ogre (Vaults:2)
  A merfolk aquamancer (Shoals:4)
  A naga sharpshooter (Snake:2)
  A deep elf knight (Depths:4)
  An unseen horror (Vaults:1)
  A sea snake (Shoals:3)
  A harpy (Shoals:4)
  2 orc knights
  A deep elf mage (Orc:1)
  A mana viper (Snake:1)
  2 moths of wrath (Zot:5)
  A spiny frog (Lair:6)
  A yaktaur (Depths:2)
  An ancient zyme (Abyss:4)
  A stone giant simulacrum (Vaults:3)
  A blink frog (Lair:4)
  A hippogriff (D:11)
  3 small abominations
  A starcursed mass (Abyss:4)
  A golden eye (Abyss:4)
  A yak (D:11)
  A neqoxec (Abyss:3)
  A ynoxinul (Abyss:4)
  A water moccasin (Lair:3)
  A floating eye (Depths:3)
  3 orc warriors
  An ogre (Vaults:2)
  2 centaurs (Depths:1)
  A wight (D:15)
  A centaur zombie (D:9)
  An orc wizard (Orc:2)
  A naga simulacrum (IceCv)
  A white imp (Orc:2)
  An ufetubus (Abyss:3)
  8 orcs
  A bush (Lair:4)
  5 fungi
  42 plants
  25 starspawn tentacles
  25 tentacles
  12 withered plants
169 creatures vanquished.

Grand Total: 3106 creatures vanquished

Notes
Turn   | Place    | Note
-------+----------+-------------------------------------------
     0 | D:1      | Torikoriko the Ogre Transmuter began the quest for the Orb.
     0 | D:1      | Reached XP level 1. HP: 19/19 MP: 3/3
   104 | D:1      | Reached XP level 2. HP: 15/27 MP: 2/5
   741 | D:1      | Learned a level 2 spell: Sticks to Snakes
  1133 | D:1      | Reached XP level 3. HP: 35/35 MP: 4/6
  1167 | D:1      | Learned a level 3 spell: Spider Form
  2432 | D:3      | Reached XP level 4. HP: 18/42 MP: 3/8
  3670 | D:4      | Reached XP level 5. HP: 47/50 MP: 7/9
  3970 | D:4      | Noticed an ice beast
  3974 | D:4      | Reached skill level 1 in Poison Magic
  3985 | D:4      | Killed an ice beast
  3985 | D:4      | Reached XP level 6. HP: 22/61 MP: 4/10
  4264 | D:4      | Noticed a phantom
  4305 | D:4      | Killed a phantom
  4305 | D:4      | Reached XP level 7. HP: 10/67 MP: 8/11
  4818 | D:4      | Found a bloodstained altar of Trog.
  5019 | D:4      | Found Gowimi's Armour Emporium.
  5313 | D:5      | Entered Level 5 of the Dungeon
  5324 | D:5      | Found a transporter.
  5330 | D:5      | Found a transporter.
  5330 | D:5      | Noticed niblik's ghost (amateur OpFE)
  5333 | D:5      | Noticed a hungry ghost
  5355 | D:5      | Found a white marble altar of Elyvilon.
  5768 | D:5      | Reached skill level 5 in Unarmed Combat
  5776 | D:5      | Reached XP level 8. HP: 64/78 MP: 9/12
  6392 | D:6      | Noticed Eustachio
  6506 | D:6      | Reached skill level 5 in Transmutations
  6579 | D:6      | Reached skill level 5 in Fighting
  6678 | D:6      | Learned a level 4 spell: Ice Form
  6970 | D:6      | Killed Eustachio
  6970 | D:6      | Reached skill level 1 in Ice Magic
  7076 | D:6      | Reached XP level 9. HP: 81/88 MP: 11/13
  7460 | D:7      | Found a staircase to the Ecumenical Temple.
  7470 | Temple   | Entered the Ecumenical Temple
  7607 | Temple   | Became a worshipper of Ru the Awakened
  8721 | D:8      | Noticed Maurice
  8750 | D:8      | Killed Maurice
  8750 | D:8      | Reached skill level 5 in Dodging
  8874 | D:8      | Gained mutation: You are somewhat inexperienced. (-2 XL)
                  | [Ru sacrifice]
  8874 | D:8      | Reached XP level 8. HP: 84/84 MP: 14/14
  8874 | D:8      | Reached XP level 7. HP: 76/76 MP: 13/13
  8874 | D:8      | Reached * piety under Ru
  8874 | D:8      | Reached ** piety under Ru
  9123 | D:8      | Reached XP level 8. HP: 82/84 MP: 14/14
  9152 | D:8      | Got a bound copper ring
  9425 | D:8      | Noticed a manticore
  9432 | D:8      | Killed a manticore
  9432 | D:8      | Reached XP level 9. HP: 86/93 MP: 13/16
 10105 | D:9      | Identified the ring "Cedauczuff" {rElec AC+6} (You took it
                  | off an orc warrior on level 8 of the Dungeon)
 10130 | D:9      | Reached skill level 5 in Spellcasting
 10485 | D:9      | Found a runed gate.
 10485 | D:9      | Found a runed gate.
 10485 | D:9      | Found a runed gate.
 10486 | D:9      | Noticed trianova's ghost (novice VSEn)
 10486 | D:9      | Noticed Curus's ghost (novice HOAK)
 10486 | D:9      | Noticed Monsterracer's ghost (journeyman DgSk)
 10486 | D:9      | Noticed Lauz's ghost (novice MiBe)
 10841 | D:9      | Gained mutation: Potions are less effective at restoring
                  | your health. [Ru sacrifice]
 10841 | D:9      | Reached *** piety under Ru
 11163 | D:9      | Reached XP level 10. HP: 104/104 MP: 15/17
 11644 | D:10     | Entered Level 10 of the Dungeon
 11782 | D:10     | Noticed a two-headed ogre
 11782 | D:10     | Noticed a deep elf mage
 11797 | D:10     | Killed a two-headed ogre
 11847 | D:10     | Killed a deep elf mage
 12097 | D:10     | Reached XP level 11. HP: 47/115 MP: 13/18
 12349 | D:10     | Found a runed door.
 12356 | D:10     | Noticed whitenoisemaker's ghost (journeyman DrMo)
 12393 | D:10     | Found a snail-covered altar of Cheibriados.
 12616 | D:10     | Found a staircase to the Orcish Mines.
 13074 | D:11     | Noticed a cyclops
 13092 | D:11     | Killed a cyclops
 13324 | D:11     | Found a runed gate.
 13324 | D:11     | Found a runed gate.
 13396 | D:11     | Gained mutation: You cannot study or use magical devices.
                  | [Ru sacrifice]
 13396 | D:11     | Reached **** piety under Ru
 13396 | D:11     | Reached ***** piety under Ru
 13398 | D:11     | Reached skill level 10 in Unarmed Combat
 13619 | D:11     | Found a staircase to the Lair.
 13633 | D:11     | Noticed a two-headed ogre
 13643 | D:11     | Killed a two-headed ogre
 13933 | D:11     | Learned a level 5 spell: Blade Hands
 13972 | D:11     | Found a runed gate.
 13973 | D:11     | Noticed yogakurto's ghost (journeyman OgBe)
 13974 | D:11     | Noticed Zebedee's ghost (journeyman SpHu)
 13974 | D:11     | Noticed SaintRoka's ghost (journeyman TeGl)
 14072 | D:11     | Noticed a seven-headed hydra
 14238 | D:11     | Killed an unseen horror
 14410 | D:11     | Reached skill level 10 in Fighting
 14457 | D:11     | Noticed a cyclops
 14462 | D:11     | Killed a cyclops
 14654 | D:11     | Noticed a cyclops
 14666 | D:11     | Killed a cyclops
 14836 | Lair:1   | Entered Level 1 of the Lair of Beasts
 15215 | Lair:1   | Reached XP level 12. HP: 126/126 MP: 13/20
 16135 | Lair:2   | Found a shimmering altar of Xom.
 16165 | Lair:2   | Noticed Urug
 16180 | Lair:2   | Killed Urug
 16391 | Lair:2   | Noticed Sonja
 16404 | Lair:2   | Killed Sonja
 17282 | Lair:3   | Noticed a seven-headed hydra
 17289 | Lair:3   | Killed a seven-headed hydra
 18204 | Lair:4   | Noticed an eight-headed hydra
 18216 | Lair:4   | Killed an eight-headed hydra
 18688 | Lair:4   | Noticed a six-headed hydra
 18706 | Lair:4   | Killed a six-headed hydra
 18759 | Lair:4   | Reached XP level 13. HP: 111/139 MP: 19/23
 19142 | Lair:4   | Found a staircase to the Shoals.
 19234 | Lair:4   | Found a staircase to the Snake Pit.
 19847 | Lair:5   | Found a dark tunnel.
 19868 | Volcano  | Entered a volcano
 22133 | Lair:6   | Entered Level 6 of the Lair of Beasts
 22283 | Lair:5   | Reached XP level 14. HP: 108/150 MP: 21/26
 23784 | Lair:6   | Reached skill level 10 in Transmutations
 24145 | Lair:6   | Gained mutation: You do not regenerate when monsters are
                  | visible. [Ru sacrifice]
 25895 | Orc:1    | Entered Level 1 of the Orcish Mines
 25897 | Orc:1    | Found Temohes's Gadget Shop.
 25911 | Orc:1    | Found a roughly hewn altar of Beogh.
 26798 | Orc:1    | Found Futsaesma's Assorted Antiques.
 27522 | Orc:1    | Reached skill level 10 in Dodging
 28636 | Orc:1    | Noticed Harold
 28659 | Orc:1    | Killed Harold
 28721 | Orc:1    | Found Edwiotru's Antique Armour Shop.
 29709 | Orc:2    | Entered Level 2 of the Orcish Mines
 30540 | Orc:2    | Noticed an orc warlord
 31213 | D:10     | Killed an orc warlord
 31846 | Orc:2    | Found Haonea's General Store.
 31882 | Orc:2    | Gained mutation: You are hated by all. [Ru sacrifice]
 31882 | Orc:2    | Reached ****** piety under Ru
 32107 | Orc:2    | Found a staircase to the Elven Halls.
 32275 | Orc:1    | Paralysed by an orc sorcerer for 3 turns
 32821 | Orc:2    | Paralysed by an orc sorcerer for 4 turns
 32829 | Orc:2    | Reached XP level 15. HP: 143/162 MP: 28/28
 33276 | Orc:2    | Found Sinkausi's Gadget Emporium.
 33276 | Orc:2    | Found Ningaism's Assorted Antiques.
 33281 | Orc:2    | Found Soifu's General Store.
 33281 | Orc:2    | Found Domae's Food Boutique.
 33289 | Orc:2    | Bought 2 potions of curing for 90 gold pieces
 33289 | Orc:2    | Bought 2 potions of haste for 300 gold pieces
 33859 | Orc:2    | Got a crude hat
 33894 | Orc:2    | Identified the cursed -2 hat of the Fife {*Corrode rF+
                  | Int+4 Dex+3} (You found it on level 2 of the Orcish Mines)
 34315 | Lair:6   | Found a viscous altar of Jiyva.
 34315 | Lair:6   | Found a staircase to the Slime Pits.
 34375 | Lair:6   | Identified Rokonnaj's Tome of Flight and the Volcanoes
 34383 | Lair:6   | Learned a level 3 spell: Mephitic Cloud
 34686 | Lair:4   | Learned a level 2 spell: Blink
 34689 | Snake:1  | Entered Level 1 of the Snake Pit
 35106 | Snake:1  | Reached skill level 1 in Translocations
 35262 | Snake:1  | HP: 7/163 [naga mage/orb of energy (17)]
 36004 | Snake:2  | Found a frozen archway.
 36075 | IceCv    | Entered an ice cave
 37108 | IceCv    | Got an ancient hat
 37253 | Snake:2  | Identified the +2 hat of Ygifaojy {rElec rC++ rCorr Int-4}
                  | (You found it in an ice cave)
 37369 | Snake:2  | Found a runed door.
 37371 | Snake:2  | Noticed Obawnol's ghost (adept DrGl)
 37390 | Snake:2  | Noticed a nagaraja
 37466 | Snake:2  | Noticed Nikola
 37508 | Snake:2  | Killed Nikola
 37508 | Snake:2  | Reached skill level 15 in Unarmed Combat
 37739 | Snake:2  | Noticed Vashnia
 37766 | Snake:2  | Found a white marble altar of Elyvilon.
 38429 | Snake:2  | Killed a nagaraja
 38429 | Snake:2  | Reached skill level 15 in Fighting
 38700 | Snake:2  | Reached XP level 16. HP: 176/176 MP: 24/29
 38970 | Snake:2  | Killed Vashnia
 39562 | Snake:3  | Noticed Kirke
 39567 | Snake:3  | Noticed a nagaraja
 40710 | Snake:3  | Killed a nagaraja
 42327 | Snake:3  | Killed Kirke
 42404 | Snake:4  | Entered Level 4 of the Snake Pit
 44134 | Snake:4  | Found an ornate altar of the Wu Jian Council.
 44173 | Snake:4  | Noticed a nagaraja
 44210 | Snake:4  | Killed a nagaraja
 44651 | Snake:4  | Reached XP level 17. HP: 188/188 MP: 30/30
 45062 | Snake:4  | Identified Henietol's Reference Book on Noxious
                  | Transmigration
 46701 | Snake:4  | Cast into level 2 of the Abyss (naga warrior)
 46784 | Snake:4  | Escaped the Abyss
 47776 | Snake:4  | Got a serpentine rune of Zot
 48340 | Shoals:1 | Entered Level 1 of the Shoals
 48926 | Shoals:1 | Noticed Josephine
 48942 | Shoals:1 | Killed Josephine
 49932 | Shoals:2 | Noticed Polyphemus
 49970 | Shoals:2 | Killed Polyphemus
 50241 | Shoals:2 | Reached skill level 10 in Spellcasting
 50784 | Shoals:3 | Noticed a kraken
 50887 | Shoals:3 | Reached XP level 18. HP: 194/200 MP: 32/32
 51619 | Shoals:3 | Reached skill level 1 in Conjurations
 51649 | Shoals:3 | Reached skill level 1 in Air Magic
 52048 | Shoals:4 | Entered Level 4 of the Shoals
 53333 | Shoals:4 | Got a barnacled rune of Zot
 54417 | Shoals:4 | Noticed Louise
 55197 | Shoals:3 | Killed Louise
 55968 | Shoals:4 | Identified the Grimoire of the Supportive Glacier
 57584 | D:12     | You fall through a shaft for 3 floors!
 57584 | D:15     | Entered Level 15 of the Dungeon
 57650 | D:15     | Found a staircase to the Depths.
 57908 | D:15     | Found a glowing golden altar of the Shining One.
 58689 | D:15     | Reached XP level 19. HP: 189/210 MP: 30/33
 58884 | D:13     | Reached skill level 5 in Poison Magic
 58943 | D:13     | Found a flagged portal.
 59092 | Bailey   | Entered a bailey
 59433 | Bailey   | Learned a level 4 spell: Olgreb's Toxic Radiance
 59506 | Bailey   | Learned a level 7 spell: Dragon Form
 60028 | D:13     | Found the ring of Robustness {AC+8}
 60034 | D:13     | Found the amulet of the Air {Inacc +Fly rElec EV+5 RMsl}
 60252 | D:13     | Found Bijoicw's Food Boutique.
 60587 | D:14     | Found a gate to the Vaults.
 61120 | D:14     | Noticed Rupert
 61235 | D:14     | Killed Rupert
 62073 | D:5      | Killed niblik's ghost
 62226 | D:9      | Killed Lauz's ghost
 62231 | D:9      | Killed Curus's ghost
 62241 | D:9      | Killed Monsterracer's ghost
 62245 | D:9      | Killed trianova's ghost
 62367 | D:10     | Killed whitenoisemaker's ghost
 62466 | D:11     | Killed SaintRoka's ghost
 62471 | D:11     | Killed Zebedee's ghost
 62474 | D:11     | Killed yogakurto's ghost
 62685 | Snake:2  | Killed Obawnol's ghost
 62890 | Vaults:1 | Entered Level 1 of the Vaults
 62977 | D:15     | Found a portal to a secret trove of treasure.
 64909 | Vaults:1 | Reached XP level 20. HP: 223/223 MP: 32/35
 65444 | Vaults:1 | Learned a level 1 spell: Apportation
 65448 | Vaults:1 | Learned a level 3 spell: Lesser Beckoning
 65937 | Vaults:2 | Found a staircase to the Crypt.
 69612 | Vaults:3 | Reached XP level 21. HP: 197/237 MP: 29/37
 69902 | Vaults:3 | Reached skill level 15 in Transmutations
 69910 | Vaults:3 | Noticed Boris
 69919 | Vaults:3 | Killed Boris
 71132 | Vaults:3 | Noticed Mennas
 71270 | Vaults:3 | Killed Mennas
 73862 | Elf:1    | Entered Level 1 of the Elven Halls
 73965 | Elf:1    | Reached XP level 22. HP: 252/252 MP: 33/39
 75063 | Elf:2    | Found a runed gate.
 75063 | Elf:2    | Found a runed gate.
 75063 | Elf:2    | Found a runed gate.
 75156 | Elf:2    | Found Eshroj's Food Boutique.
 75942 | Elf:3    | Entered Level 3 of the Elven Halls
 75974 | Elf:3    | Found Teoforaiwk's Jewellery Shoppe.
 76009 | Elf:3    | Reached skill level 15 in Dodging
 76022 | Elf:3    | Cast into level 2 of the Abyss (a deep elf sorcerer)
 76022 | Abyss:2  | Found a corrupted altar of Lugonu.
 76328 | Elf:3    | Escaped the Abyss
 76843 | Elf:3    | Found Ixti's Antique Armour Shop.
 77407 | Elf:3    | Found Exaawe's Jewellery Emporium.
 77781 | Elf:3    | Cast into level 2 of the Abyss (a deep elf demonologist)
 77794 | Abyss:3  | Found a corrupted altar of Lugonu.
 77993 | Abyss:3  | Found a runed door.
 77993 | Abyss:3  | Identified the Grimoire of the Earth
 78003 | Abyss:3  | Found a runed door.
 78022 | Abyss:3  | Reached XP level 23. HP: 263/263 MP: 41/41
 78141 | Abyss:3  | Found a corrupted altar of Lugonu.
 78220 | Abyss:3  | Found a corrupted altar of Lugonu.
 78267 | Elf:3    | Escaped the Abyss
 78749 | Elf:3    | Identified Aditu's Intricacies of the Arcane Arts
 78753 | Elf:3    | Identified the Disquisition on the Mutagenic Escort
 78798 | Elf:3    | Got a crude robe
 78809 | Elf:3    | Identified the +2 robe of the Land of Plenty {+Fly rN++ MR+
                  | Str+4} (You found it on level 3 of the Elven Halls)
 79172 | Depths:1 | Entered Level 1 of the Depths
 79206 | Depths:1 | Learned a level 2 spell: Passwall
 79303 | Depths:1 | Paralysed by a vampire knight for 7 turns
 79412 | Depths:1 | Found a shattered altar of Ashenzari.
 79513 | Depths:1 | Found a gateway to a bazaar.
 79537 | Bazaar   | Entered a bazaar
 79537 | Bazaar   | Found Mezxouda's General Store.
 79544 | Bazaar   | Found Lofidghet's Assorted Antiques.
 79551 | Bazaar   | Found Vaca's Magic Scroll Boutique.
 79580 | Bazaar   | Found Ofasuope's Weapon Shoppe.
 79585 | Bazaar   | Found Zoqaf's Book Shoppe.
 79631 | Bazaar   | Bought a scroll of blinking for 60 gold pieces
 79631 | Bazaar   | Bought a scroll of teleportation for 24 gold pieces
 79631 | Bazaar   | Bought a scroll of teleportation for 24 gold pieces
 80034 | Depths:1 | Found Xolieff's Jewellery Emporium.
 80034 | Depths:1 | Found Oschuejea's Gadget Boutique.
 80035 | Depths:1 | Found Amocez's Gadget Boutique.
 80296 | Depths:1 | Found a gateway to Hell.
 80331 | Depths:1 | Got a steaming amber ring
 80459 | Depths:2 | Learned a level 2 spell: Swiftness
 80463 | Depths:2 | Learned a level 3 spell: Ozocubu's Armour
 80655 | Depths:2 | Found Jyofyoff's Assorted Antiques.
 81449 | Depths:2 | Found a shimmering altar of Xom.
 81469 | Depths:2 | Reached XP level 24. HP: 153/276 MP: 36/41
 81501 | Depths:2 | Noticed a caustic shrike
 81522 | Depths:2 | Killed a caustic shrike
 81996 | Depths:2 | Identified the ring "Zenuetol" {MP+9 Int+4} (You found it
                  | on level 1 of the Depths)
 82204 | Depths:2 | Found an iron altar of Okawaru.
 82204 | Depths:2 | Noticed a juggernaut
 82214 | Depths:2 | Killed a juggernaut
 82534 | Depths:2 | Found an ancient bone altar of Kikubaaqudgha.
 82660 | Depths:2 | Found an iron altar of Okawaru.
 82875 | Depths:2 | Bought a potion of curing for 93 gold pieces
 83214 | Depths:3 | Found a one-way gate leading to the halls of Pandemonium.
 83255 | Depths:3 | Noticed a juggernaut
 83259 | Depths:3 | Killed a juggernaut
 83273 | Depths:3 | Found an ornate altar of the Wu Jian Council.
 83273 | Depths:3 | Found an ornate altar of the Wu Jian Council.
 83274 | Depths:3 | Found a radiant altar of Vehumet.
 83347 | Depths:3 | Noticed a caustic shrike
 83351 | Depths:3 | Killed a caustic shrike
 83655 | Depths:3 | Reached XP level 25. HP: 241/289 MP: 32/41
 84156 | Depths:3 | Noticed a juggernaut
 84174 | Depths:3 | Killed a juggernaut
 84419 | Depths:3 | Got a glittering sapphire amulet
 84507 | Depths:3 | Identified the amulet "Zolimueb" {Faith -Tele +Fly rElec
                  | rC-} (You found it on level 3 of the Depths)
 84611 | Depths:3 | Paralysed by a floating eye for 2 turns
 84622 | Depths:3 | Paralysed by a floating eye for 3 turns
 84879 | Depths:4 | Found a one-way gate to the infinite horrors of the Abyss.
 85740 | Depths:4 | Noticed a juggernaut
 85749 | Depths:4 | Killed a juggernaut
 87613 | Depths:5 | Entered Level 5 of the Depths
 87927 | Depths:5 | Got a heavily runed brass ring
 87928 | Depths:5 | Identified the ring "Jouts" {+Fly Dex+2} (You found it on
                  | level 5 of the Depths)
 88351 | Depths:5 | Noticed Sojobo
 88358 | Depths:5 | Killed Sojobo
 88548 | Depths:5 | Found a gateway to a ziggurat.
 88839 | Depths:5 | Found a gate to the Realm of Zot.
 89123 | D:15     | You paid a toll of +5 fire dragon scales to enter a
                  | treasure trove
 89124 | Trove    | Entered a treasure trove
 89129 | Trove    | Got a fine wooden ring
 89133 | Trove    | Got a steaming lapis lazuli ring
 89135 | Trove    | Got a wavering turquoise ring
 89139 | Trove    | Got a flickering steel amulet
 89148 | Trove    | Identified the ring "Obbaf" {rElec MP+9 Str+4} (You found
                  | it in a treasure trove)
 89149 | Trove    | Identified the ring of Voiwikee {+Inv MP+9 Int+4 Slay+6
                  | Stlth+} (You found it in a treasure trove)
 89150 | Trove    | Identified the ring of Descent {*Drain rPois Str+3 Int+5
                  | Dex+3} (You found it in a treasure trove)
 89151 | Trove    | Identified the amulet of Qeoggaf {Gourm +Fly rN++ Str-2
                  | Stlth+} (You found it in a treasure trove)
 89161 | Trove    | Got a pitted platinum ring
 89163 | Trove    | Got an ancient brass ring
 89171 | Trove    | Identified the ring "Bipetuta" {*Tele rPois rF+ rN+ Int+2}
                  | (You found it in a treasure trove)
 89172 | Trove    | Identified the ring "Favotu" {-Tele MP+9 Int+7 Dex+10
                  | Stlth+} (You found it in a treasure trove)
 89176 | Trove    | Got a vibrating tin ring
 89180 | Trove    | Identified the ring "Duusch" {+Inv rF+ SInv} (You found it
                  | in a treasure trove)
 89741 | Depths:4 | Voluntarily entered the Abyss.
 90102 | Abyss:1  | Noticed an ancient lich
 90126 | Depths:4 | Escaped the Abyss
 90128 | Depths:4 | Voluntarily entered the Abyss.
 90182 | Abyss:1  | Found a shadowy altar of Dithmenos.
 90469 | Abyss:2  | Found a viscous altar of Jiyva.
 90597 | Abyss:4  | Found a corrupted altar of Lugonu.
 90762 | Abyss:4  | Found a corrupted altar of Lugonu.
 90975 | Abyss:4  | Gained mutation: You are clumsy. (Dex -2) [a neqoxec]
 91055 | Abyss:4  | Found a corrupted altar of Lugonu.
 91347 | Abyss:4  | Gained mutation: You are dopey. (Int -2) [a neqoxec]
 91348 | Abyss:4  | Gained mutation: Potions are poor at restoring your health.
                  | [a neqoxec]
 91356 | Abyss:4  | Found a corrupted altar of Lugonu.
 92118 | Depths:4 | Escaped the Abyss
 92396 | Depths:4 | Voluntarily entered the Abyss.
 92451 | Abyss:1  | Paralysed by accursed screaming for 2 turns
 92455 | Depths:4 | Escaped the Abyss
 92572 | Depths:4 | Voluntarily entered the Abyss.
 92647 | Abyss:1  | Paralysed by accursed screaming for 1 turns
 92756 | Abyss:1  | Paralysed by a great orb of eyes for 3 turns
 92795 | Depths:4 | Escaped the Abyss
 92797 | Depths:4 | Voluntarily entered the Abyss.
 92891 | Abyss:2  | Found an ornate altar of the Wu Jian Council.
 93031 | Depths:4 | Escaped the Abyss
 93033 | Depths:4 | Voluntarily entered the Abyss.
 93034 | Abyss:1  | Found a corrupted altar of Lugonu.
 93227 | Abyss:2  | Found a bloodstained altar of Trog.
 93638 | Abyss:3  | Found a corrupted altar of Lugonu.
 93656 | Abyss:3  | Found a corrupted altar of Lugonu.
 93663 | Abyss:3  | Found a corrupted altar of Lugonu.
 93960 | Abyss:3  | Reached skill level 27 in Fighting
 93965 | Abyss:3  | Paralysed by accursed screaming for 1 turns
 94363 | Abyss:3  | Found a glowing golden altar of the Shining One.
 94375 | Abyss:3  | Noticed a juggernaut
 94381 | Abyss:3  | Killed a juggernaut
 94393 | Abyss:3  | Got an abyssal rune of Zot
 94706 | Abyss:3  | Found a glowing golden altar of the Shining One.
 94773 | Depths:4 | Escaped the Abyss
 95046 | Zot:1    | Entered Level 1 of the Realm of Zot
 95229 | Zot:1    | Identified a scroll of acquirement
 96045 | Zot:2    | Noticed an ancient lich
 96052 | Zot:2    | Killed an ancient lich
 96052 | Zot:2    | Reached skill level 27 in Unarmed Combat
 96860 | Zot:3    | You fall through a shaft!
 97175 | Zot:3    | Noticed a Killer Klown
 97179 | Zot:3    | Killed a Killer Klown
 97726 | Zot:4    | Noticed an orb of fire
 97727 | Zot:4    | Gained mutation: Your magical capacity is low. (-10% MP)
                  | [an orb of fire]
 97733 | Zot:4    | Killed an orb of fire
 98540 | Zot:5    | Entered Level 5 of the Realm of Zot
 98849 | Zot:5    | Noticed a Killer Klown
 98857 | Zot:5    | Killed a Killer Klown
 98888 | Zot:5    | Got a clouded brass ring
 98889 | Zot:5    | Identified the ring "Quuxut" {rN+ Str+3 Int+2 Dex+2} (You
                  | acquired it on level 5 of the Realm of Zot)
 99127 | Zot:5    | Noticed an ancient lich
 99128 | Zot:5    | Noticed a Killer Klown
 99128 | Zot:5    | Noticed an orb of fire
 99128 | Zot:5    | Noticed an orb of fire
 99135 | Zot:5    | Gained mutation: Scrolls take you a little longer to read.
                  | [an orb of fire]
 99136 | Zot:5    | Noticed a Killer Klown
 99142 | Zot:5    | Gained mutation: Scrolls take you longer to read. [an orb
                  | of fire]
 99146 | Zot:5    | Killed an orb of fire
 99156 | Zot:5    | Noticed an orb of fire
 99160 | Zot:5    | Gained mutation: You are frail. (-10% HP) [an orb of fire]
 99160 | Zot:5    | Gained mutation: You are very frail. (-20% HP) [an orb of
                  | fire]
 99161 | Zot:5    | Mangled by an Orb Guardian

Skill      XL: |  1  2  3  4  5  6  7  8  9 10 11 12 13 14 15 16 17 18 19 20 21 22 23 24 25 |
---------------+----------------------------------------------------------------------------+-----
Transmutations | 2 3 4 5 6 7 9 10 11 12 13 14 15 16 17 18 | 18.0
Dodging        | 2 3 4 5 6 7 8 9 10 11 12 13 14 15 16 23 | 23.4
Unarmed Combat | 3 4 5 8 7 9 10 12 13 14 15 16 17 18 19 20 21 22 27 | 27.0
Fighting       | 2 3 4 7 8 9 10 11 12 13 15 16 17 18 20 21 22 23 27 | 27.0
Spellcasting   | 3 5 7 8 9 10 11 12 13 14 | 14.0
Poison Magic   | 1 2 4 6 |  6.0
Ice Magic      | 3 4 |  4.0
Translocations | 3 |  3.0
Conjurations   | 1 |  1.0
Air Magic      | 1 |  1.0

Action                   |  1- 3 |  4- 6 |  7- 9 | 10-12 | 13-15 | 16-18 | 19-21 | 22-24 | 25-27 || total
-------------------------+-------+-------+-------+-------+-------+-------+-------+-------+-------++-------
Melee: Unarmed           |   139 |    80 |   581 |   571 |  1269 |  1261 |  1372 |   930 |  1621 ||  7824
       Kick              |     7 |     4 |    14 |     1 |       |       |       |       |       ||    26
       Headbutt          |     5 |     7 |    12 |    12 |       |       |       |       |       ||    36
       Punch             |     1 |     2 |    11 |     5 |     9 |    34 |   100 |    94 |   156 ||   412
       Tailslap          |       |       |       |       |       |       |    11 |    86 |   208 ||   305
       Bite              |       |       |       |       |       |       |     6 |    63 |   125 ||   194
 Fire: Blowgun           |       |       |       |       |   245 |       |       |       |       ||   245
Throw: Stone             |     4 |     2 |     4 |       |       |       |       |       |       ||    10
       Tomahawk          |       |     4 |     2 |     2 |       |       |       |       |       ||     8
       Large rock        |       |       |       |       |     3 |     7 |     4 |     5 |     2 ||    21
       Throwing net      |       |       |       |       |       |     1 |       |       |       ||     1
 Cast: Beastly Appendage |    30 |    12 |    26 |     5 |       |       |       |       |       ||    73
       Sticks to Snakes  |     2 |    13 |     6 |    13 |    31 |       |       |       |       ||    65
       Spider Form       |       |     4 |    26 |    31 |    69 |     8 |     5 |       |       ||   143
       Ice Form          |       |       |     6 |    16 |    46 |    95 |     8 |    10 |       ||   181
       Blade Hands       |       |       |       |     1 |    24 |    22 |    90 |    25 |    32 ||   194
       Mephitic Cloud    |       |       |       |       |     3 |    10 |     8 |     8 |    22 ||    51
       Olgreb's Toxic Ra |       |       |       |       |       |       |     4 |    18 |    27 ||    49
       Dragon Form       |       |       |       |       |       |       |    13 |    43 |   103 ||   159
       Ozocubu's Armour  |       |       |       |       |       |       |       |    10 |    13 ||    23
       Apportation       |       |       |       |       |       |       |       |       |     1 ||     1
Invok: Sacrifice Experie |       |       |     1 |       |       |       |       |       |       ||     1
       Sacrifice Purity  |       |       |     1 |       |     1 |       |       |       |       ||     2
       Sacrifice Artific |       |       |       |     1 |       |       |       |       |       ||     1
       Power Leap        |       |       |       |     2 |     3 |       |     2 |       |     7 ||    14
       Reject Sacrifices |       |       |       |     1 |       |       |       |       |       ||     1
       Draw Out Power    |       |       |       |       |     1 |     2 |       |       |       ||     3
       Sacrifice Love    |       |       |       |       |     1 |       |       |       |       ||     1
       Apocalypse        |       |       |       |       |     2 |     3 |     6 |       |     4 ||    15
 Abil: End Transformatio |       |     2 |     6 |     3 |    10 |     5 |    11 |     4 |    11 ||    52
       Breathe Fire      |       |       |       |       |       |       |     3 |    15 |     4 ||    22
Evoke: Wand              |       |       |     2 |       |       |       |       |       |       ||     2
  Use: Scroll            |       |     8 |    12 |     4 |    13 |     5 |    11 |     8 |    25 ||    86
       Potion            |       |       |       |       |     2 |     1 |     3 |     1 |    10 ||    17
 Stab: Distracted        |       |       |     2 |     3 |     6 |     9 |     4 |     2 |    13 ||    39
       Sleeping          |       |       |     1 |     1 |     1 |       |       |       |     4 ||     7
       Paralysed         |       |       |       |     8 |    17 |    26 |    18 |     6 |     9 ||    84
       Invisible         |       |       |       |     2 |    10 |    20 |     6 |     7 |    10 ||    55
       Petrified         |       |       |       |       |     2 |       |       |       |       ||     2
       Confused          |       |       |       |       |       |     6 |     1 |       |     8 ||    15
       Held in net/web   |       |       |       |       |       |     1 |       |       |       ||     1
  Eat: Chunk             |     5 |     7 |    28 |    28 |    56 |    45 |    57 |    56 |    84 ||   366
       Ration            |       |       |     1 |     1 |     9 |     9 |     7 |     1 |     5 ||    33
Armor: Robe              |    35 |    24 |    46 |    43 |   103 |    54 |   148 |    41 |   102 ||   596
       Skin              |       |     1 |    40 |    75 |   147 |   115 |    64 |   236 |   441 ||  1119
Dodge: Dodged            |    68 |    44 |   356 |   438 |   965 |   938 |   882 |   466 |   753 ||  4910
Block: Shield            |       |       |       |       |     1 |       |       |       |       ||     1
